COLORADO vs OTTAWA

Created - May 15, 2021 at 14:15

Goals
1 2 3 T
COLORADO 2 2 0 4
OTTAWA 1 0 0 1
Shots
1 2 3 T
COLORADO 9 18 6 33
OTTAWA 5 7 7 19

1st period

1. OTTAWA , Ryan Suter 10 (Vince Dunn 29, Oskar Sundqvist 16) at 3:10 (PP)
2. COLORADO , John Moore 4 (Dylan Larkin 42) at 3:28
3. COLORADO , Artturi Lehkonen 16 (Calvin de Haan 22, Dylan Larkin 43) at 9:10

Penalties :
John Moore (COL) for High sticking (Minor) at 1:19, Mark Borowiecki (OTT) for Hooking (Minor) at 6:21, Leo Komarov (COL) for Tripping (Minor) at 6:21, Calvin de Haan (COL) for Tripping (Minor) at 11:17, Brandon Carlo (COL) for Interference (Minor) at 18:01

2nd period

4. COLORADO , William Karlsson 26 (Leo Komarov 9, Brandon Carlo 22) at 4:15
5. COLORADO , Pavel Buchnevich 10 (Artturi Lehkonen 24, Jonas Brodin 20) at 17:05

Penalties :
John Moore (COL) for Interference (Minor) at 10:18, Kyle Okposo (OTT) for Hooking (Minor) at 14:18

3rd period

No Goal

Penalties :
Vince Dunn (OTT) for Tripping (Minor) at 1:38, Mark Borowiecki (OTT) for Hooking (Minor) at 8:08

Goalie Stats

Carey Price (COL), 18 saves from 19 shots - (0.947), W, 39-21-8, 60:00 minutes
Laurent Brossoit (OTT), 29 saves from 33 shots - (0.879), L, 8-13-1, 60:00 minutes

Players Stats for COLORADO

Player Name              G  A  P  +/- PIM S  H  SB GA TA FO     MP     PP MP  PK MP  
------------------------------------------------------------------------------------
Artturi Lehkonen         1  1  2   3  0   2  0  0  0  0  0/2    17:41   2:44   0:00 
Brandon Carlo            0  1  1   2  2   0  0  1  0  0  0/0    20:39   2:45   2:50 
Calvin de Haan           0  1  1   2  2   0  4  0  0  0  0/0    20:28   2:45   2:39 
David Krejci             0  0  0   0  0   0  1  0  0  0  17/24  17:41   0:00   2:52 
Dylan Larkin             0  2  2   3  0   4  2  1  0  0  17/32  26:57   2:44   4:45 
Frederic Allard          0  0  0   0  0   0  0  0  0  0  0/0     4:04   0:00   0:23 
John Moore               1  0  1   1  4   1  1  0  0  0  0/0    12:20   0:35   0:00 
Jonas Brodin             0  1  1   1  0   1  3  0  0  0  0/0    23:04   3:12   4:10 
Kevin Stenlund           0  0  0   0  0   0  0  0  0  0  0/0     0:13   0:00   0:00 
Leo Komarov              0  1  1   1  2   2  2  0  0  0  0/0    14:41   3:13   0:00 
Mattias Janmark          0  0  0   0  0   5  0  0  0  0  0/0    14:32   0:00   0:11 
Mikko Koivu              0  0  0   1  0   2  0  0  0  0  3/4    20:43   2:38   2:52 
Nick Bjugstad            0  0  0   0  0   0  0  0  0  0  1/1     1:04   0:35   0:00 
Pavel Buchnevich         1  0  1   3  0   2  1  0  0  0  2/2    17:41   2:44   0:00 
Ron Hainsey              0  0  0   1  0   3  2  1  0  0  0/0    25:46   2:37   4:10 
Urho Vaakanainen         0  0  0   1  0   0  0  0  0  0  0/0    13:35   0:00   1:24 
Valtteri Filppula        0  0  0   0  0   3  0  0  0  0  1/1    14:54   0:00   0:33 
Warren Foegele           0  0  0   0  0   0  0  0  0  0  0/0     3:29   0:00   0:00 
William Karlsson         1  0  1   1  0   8  0  0  0  0  14/21  20:36   3:13   4:23 

Players Stats for OTTAWA

Player Name              G  A  P  +/- PIM S  H  SB GA TA FO     MP     PP MP  PK MP  
------------------------------------------------------------------------------------
Andreas Johnsson         0  0  0  -1  0   2  4  0  0  0  0/0    16:39   4:10   0:00 
Conor Garland            0  0  0  -1  0   2  0  0  0  0  0/2    12:29   0:00   0:00 
Dmitry Kulikov           0  0  0  -2  0   0  1  4  0  0  0/0    13:24   0:00   0:55 
Garnet Hathaway          0  0  0   0  0   0  3  0  0  0  10/27  18:00   0:00   3:43 
Greg Pateryn             0  0  0  -2  0   0  1  3  0  0  0/0    16:02   0:00   3:00 
Jordan Eberle            0  0  0   0  0   2  0  0  0  0  0/0    20:57   3:38   4:04 
Jujhar Khaira            0  0  0  -1  0   0  1  0  0  0  0/1     8:05   0:00   0:21 
Kyle Okposo              0  0  0  -2  2   0  2  0  0  0  0/2    16:23   4:10   0:00 
Marcus Johansson         0  0  0  -2  0   2  2  0  0  0  12/24  14:26   3:38   0:00 
Mark Borowiecki          0  0  0   0  4   2  3  1  0  0  0/0    22:29   3:23   1:52 
Michael Raffl            0  0  0  -2  0   1  0  0  0  0  0/2    10:48   0:00   0:00 
Michael Rasmussen        0  0  0  -1  0   1  0  0  0  0  2/7     7:44   0:00   0:00 
Michal Kempny            0  0  0  -2  0   0  4  2  0  0  0/0    21:24   3:23   2:57 
Nikita Gusev             0  0  0  -1  0   1  0  0  0  0  0/1     9:37   0:00   1:53 
Oskar Sundqvist          0  1  1  -1  0   0  6  0  0  0  8/21   17:36   4:10   0:00 
Ryan Suter               1  0  1   0  0   4  0  1  0  0  0/0    26:07   4:25   3:00 
Vince Dunn               0  1  1  -2  2   1  0  0  0  0  0/0    20:31   4:25   0:10 
Yanni Gourde             0  0  0   0  0   1  2  0  0  0  0/0    19:19   3:38   1:53 

3 Stars

1 - Artturi Lehkonen (COL)
2 - Dylan Larkin (COL)
3 - Pavel Buchnevich (COL)

Power Play

COLORADO - 0 on 3 Attempt(s) - 0.00%
OTTAWA - 1 on 4 Attempt(s) - 25.00%

Penalty Kill

COLORADO - 3 on 4 Attempt(s) - 75.00% - Score 0 goal in Penalty Kill
OTTAWA - 3 on 3 Attempt(s) - 100.00% - Score 0 goal in Penalty Kill

Team Stat

COLORADO - Hits : 16 - Faceoff Wins : 55 - Blocked Shots : 3 - Penalty Minutes : 10
OTTAWA - Hits : 29 - Faceoff Wins : 32 - Blocked Shots : 11 - Penalty Minutes : 8

Official

Referees : Ghislain Hebert and Dan O'Rourke
Linesman : Colin Gates and Stephen Drain

Game Notes

No Game Note

Finance

Level 1 -- Attendance: 4188 (69.80%) -- Ticket Income $418,800
Level 2 -- Attendance: 3567 (71.34%) -- Ticket Income $214,020
Level 3 -- Attendance: 1762 (88.10%) -- Ticket Income $61,670
Level 4 -- Attendance: 4000 (100.00%) -- Ticket Income $80,000
Luxury Box -- Attendance: 672 (67.20%) -- Ticket Income $134,400
Game was played at the Canadian Tire Center.
Total Attendance: 14189 (78.83%)
Total Ticket Income: $908,890
Total Income: $908,890

COLORADO

5 vs 5 Forward 
   Center                   Left Wing                Right Wing               Time % Phy DF OF 
 1 Dylan Larkin             Pavel Buchnevich         Artturi Lehkonen         35     1   2  2  
 2 William Karlsson         Leo Komarov              Mikko Koivu              30     1   2  2  
 3 David Krejci             Mattias Janmark          Valtteri Filppula        25     1   2  2  
 4 Mikko Koivu              Warren Foegele           Dylan Larkin             10     1   2  2  

5 vs 5 Defense 
   Defense                  Defense                                           Time % Phy DF OF 
 1 Ron Hainsey              Jonas Brodin                                      35     1   2  2  
 2 Brandon Carlo            Calvin de Haan                                    30     1   2  2  
 3 John Moore               Urho Vaakanainen                                  25     1   2  2  
 4 Frederic Allard          Ron Hainsey                                       10     1   2  2  

PowerPlay Forward 
   Center                   Left Wing                Right Wing               Time % Phy DF OF 
 1 Dylan Larkin             Pavel Buchnevich         Artturi Lehkonen         60     1   2  2  
 2 William Karlsson         Leo Komarov              Mikko Koivu              40     1   2  2  

PowerPlay Defense
   Defense                  Defense                                           Time % Phy DF OF 
 1 Ron Hainsey              Jonas Brodin                                      60     1   2  2  
 2 Brandon Carlo            Calvin de Haan                                    40     1   2  2  

Penalty Kill 4 Players Forward 
   Center                   Wing                     Time % Phy DF OF 
 1 Dylan Larkin             William Karlsson         60     1   2  2  
 2 David Krejci             Mikko Koivu              40     1   2  2  

Penalty Kill 4 Players Defense
   Defense                  Defense                  Time % Phy DF OF 
 1 Ron Hainsey              Jonas Brodin             60     1   2  2  
 2 Brandon Carlo            Calvin de Haan           40     1   2  2  

Penalty Kill - 3 Players Forward 
   Forward                                           Time % Phy DF OF 
 1 Dylan Larkin                                      60     1   2  2  
 2 William Karlsson                                  40     1   2  2  

Penalty Kill - 3 Players Defense
   Defense                  Defense                  Time % Phy DF OF 
 1 Ron Hainsey              Jonas Brodin             60     1   2  2  
 2 Brandon Carlo            Calvin de Haan           40     1   2  2  

4 vs 4 Forward 
   Center                   Wing                     Time % Phy DF OF 
 1 Dylan Larkin             William Karlsson         60     1   2  2  
 2 David Krejci             Mikko Koivu              40     1   2  2  

4 vs 4 Defense
   Defense                  Defense                  Time % Phy DF OF 
 1 Ron Hainsey              Jonas Brodin             60     1   2  2  
 2 Brandon Carlo            Calvin de Haan           40     1   2  2  

Last Minutes Offensive
   Center                   Left Wing                Right Wing               Defense                  Defense                  
   Dylan Larkin             Pavel Buchnevich         Artturi Lehkonen         Ron Hainsey              Jonas Brodin             

Last Minutes Defensive
   Center                   Left Wing                Right Wing               Defense                  Defense                  
   Dylan Larkin             Pavel Buchnevich         Artturi Lehkonen         Ron Hainsey              Jonas Brodin             

Goaltenders
Starting : Carey Price              
Backup : Linus Ullmark            

Extra Forwards
Normal : Nick Bjugstad, Kevin Stenlund, Valtteri Filppula - PP : Nick Bjugstad, Kevin Stenlund - PK : Valtteri Filppula
Extra Defensemen
Normal : John Moore, Urho Vaakanainen, Frederic Allard - PP : John Moore - PK : Urho Vaakanainen, Frederic Allard
Penalty Shots
Dylan Larkin, William Karlsson, David Krejci, Mikko Koivu, Pavel Buchnevich

Scratches
David Pastrnak (Healthy), Givani Smith (Healthy), COL Cap Hit (Suspend)

OTTAWA

5 vs 5 Forward 
   Center                   Left Wing                Right Wing               Time % Phy DF OF 
 1 Garnet Hathaway          Yanni Gourde             Jordan Eberle            35     0   1  4  
 2 Oskar Sundqvist          Andreas Johnsson         Conor Garland            30     1   2  2  
 3 Marcus Johansson         Michael Raffl            Kyle Okposo              25     1   3  1  
 4 Michael Rasmussen        Jujhar Khaira            Nikita Gusev             10     2   2  1  

5 vs 5 Defense 
   Defense                  Defense                                           Time % Phy DF OF 
 1 Ryan Suter               Mark Borowiecki                                   35     1   1  3  
 2 Michal Kempny            Vince Dunn                                        30     1   2  2  
 3 Greg Pateryn             Dmitry Kulikov                                    25     1   3  1  
 4 Ryan Suter               Mark Borowiecki                                   10     2   2  1  

PowerPlay Forward 
   Center                   Left Wing                Right Wing               Time % Phy DF OF 
 1 Marcus Johansson         Yanni Gourde             Jordan Eberle            60     0   1  4  
 2 Oskar Sundqvist          Andreas Johnsson         Kyle Okposo              40     0   2  3  

PowerPlay Defense
   Defense                  Defense                                           Time % Phy DF OF 
 1 Vince Dunn               Ryan Suter                                        60     0   1  4  
 2 Mark Borowiecki          Michal Kempny                                     40     0   2  3  

Penalty Kill 4 Players Forward 
   Center                   Wing                     Time % Phy DF OF 
 1 Garnet Hathaway          Jordan Eberle            60     1   3  1  
 2 Nikita Gusev             Yanni Gourde             40     1   4  0  

Penalty Kill 4 Players Defense
   Defense                  Defense                  Time % Phy DF OF 
 1 Ryan Suter               Greg Pateryn             60     1   3  1  
 2 Mark Borowiecki          Michal Kempny            40     1   4  0  

Penalty Kill - 3 Players Forward 
   Forward                                           Time % Phy DF OF 
 1 Oskar Sundqvist                                   60     0   4  1  
 2 Garnet Hathaway                                   40     2   3  0  

Penalty Kill - 3 Players Defense
   Defense                  Defense                  Time % Phy DF OF 
 1 Ryan Suter               Greg Pateryn             60     0   4  1  
 2 Michal Kempny            Mark Borowiecki          40     2   3  0  

4 vs 4 Forward 
   Center                   Wing                     Time % Phy DF OF 
 1 Oskar Sundqvist          Yanni Gourde             60     1   2  2  
 2 Garnet Hathaway          Kyle Okposo              40     1   2  2  

4 vs 4 Defense
   Defense                  Defense                  Time % Phy DF OF 
 1 Ryan Suter               Vince Dunn               60     1   2  2  
 2 Mark Borowiecki          Michal Kempny            40     1   2  2  

Last Minutes Offensive
   Center                   Left Wing                Right Wing               Defense                  Defense                  
   Marcus Johansson         Yanni Gourde             Jordan Eberle            Ryan Suter               Vince Dunn               

Last Minutes Defensive
   Center                   Left Wing                Right Wing               Defense                  Defense                  
   Oskar Sundqvist          Yanni Gourde             Jordan Eberle            Ryan Suter               Mark Borowiecki          

Goaltenders
Starting : Laurent Brossoit         
Backup : Pekka Rinne              

Extra Forwards
Normal : Yanni Gourde, Oskar Sundqvist, Garnet Hathaway - PP : Kyle Okposo, Conor Garland - PK : Jordan Eberle
Extra Defensemen
Normal : Ryan Suter, Greg Pateryn, Mark Borowiecki - PP : Michal Kempny - PK : Dmitry Kulikov, Vince Dunn
Penalty Shots
Michael Rasmussen, Jordan Eberle, Kyle Okposo, Yanni Gourde, Conor Garland

Scratches
OTT Cap Hit (Suspend), Dominik Simon (Healthy), Joakim Nygard (Healthy), Brandon Pirri (Healthy)

% Time on Ice - COLORADO

Lines # - Real PCT - Wanted PCT - Time Play
Normal Forward
1 - 34% - 35% - 14:57
2 - 26% - 30% - 11:29
3 - 32% - 25% - 14:21
4 - 8% - 10% - 3:29
Normal Defense
1 - 33% - 35% - 14:35
2 - 32% - 30% - 14:13
3 - 27% - 25% - 11:47
4 - 8% - 10% - 3:41
PP Forward
1 - 46% - 60% - 2:44
2 - 54% - 40% - 3:13
PP Defense
1 - 54% - 60% - 3:12
2 - 46% - 40% - 2:45
PK Forward
1 - 63% - 60% - 4:56
2 - 37% - 40% - 2:52
PK Defense
1 - 53% - 60% - 4:10
2 - 47% - 40% - 3:38
PK3 Forward
1 - 0% - 60%
2 - 0% - 40%
PK3 Defense
1 - 0% - 60%
2 - 0% - 40%
44 Forward
1 - 76% - 60% - 1:31
2 - 24% - 40% - 0:28
44 Defense
1 - 56% - 60% - 1:07
2 - 44% - 40% - 0:52
Last Minute Offensive  - 0:00
Last Minute Defensive  - 0:00
Total
Forward - 60:00
Defense - 60:00

% Time on Ice - OTTAWA

Lines # - Real PCT - Wanted PCT - Time Play
Normal Forward
1 - 30% - 35% - 13:15
2 - 28% - 30% - 12:29
3 - 24% - 25% - 10:48
4 - 17% - 10% - 7:44
Normal Defense
1 - 35% - 35% - 15:32
2 - 33% - 30% - 14:31
3 - 28% - 25% - 12:29
4 - 4% - 10% - 1:44
PP Forward
1 - 47% - 60% - 3:38
2 - 53% - 40% - 4:10
PP Defense
1 - 57% - 60% - 4:25
2 - 43% - 40% - 3:23
PK Forward
1 - 68% - 60% - 4:04
2 - 32% - 40% - 1:53
PK Defense
1 - 50% - 60% - 3:00
2 - 50% - 40% - 2:57
PK3 Forward
1 - 0% - 60%
2 - 0% - 40%
PK3 Defense
1 - 0% - 60%
2 - 0% - 40%
44 Forward
1 - 48% - 60% - 0:57
2 - 52% - 40% - 1:02
44 Defense
1 - 72% - 60% - 1:26
2 - 28% - 40% - 0:33
Last Minute Offensive  - 0:00
Last Minute Defensive  - 0:00
Total
Forward - 60:00
Defense - 60:00

Play-by-Play

1st period


0:01 of 1st period - Garnet Hathaway wins face-off versus Dylan Larkin in neutral zone.
0:29 of 1st period - Icing by Mark Borowiecki.
0:30 of 1st period - Garnet Hathaway wins face-off versus William Karlsson in OTTAWA zone.
0:49 of 1st period - William Karlsson is hit by Garnet Hathaway and loses puck.
1:04 of 1st period - Shot by Vince Dunn.
1:04 of 1st period - Shot Misses the Net.
1:19 of 1st period - Minor Penalty to John Moore for High sticking.
1:20 of 1st period - Dylan Larkin wins face-off versus Oskar Sundqvist in COLORADO zone.
1:29 of 1st period - William Karlsson is hit by Andreas Johnsson and loses puck.
2:14 of 1st period - Shot by Jordan Eberle.
2:14 of 1st period - Stopped by Carey Price without a rebound.
2:15 of 1st period - David Krejci wins face-off versus Marcus Johansson in COLORADO zone.
3:04 of 1st period - Shot by Vince Dunn.
3:04 of 1st period - Shot Misses the Net.
3:06 of 1st period - Shot by Ryan Suter.
3:06 of 1st period - Shot Misses the Net.
3:08 of 1st period - Shot by Ryan Suter.
3:08 of 1st period - Shot Misses the Net.
3:10 of 1st period - Shot by Ryan Suter.
3:10 of 1st period - Goal by Ryan Suter - COLORADO : 0 - OTTAWA : 1.
3:11 of 1st period - Michael Rasmussen wins face-off versus Dylan Larkin in neutral zone.
3:26 of 1st period - Shot by Dylan Larkin.
3:26 of 1st period - Shot Misses the Net.
3:28 of 1st period - Shot by John Moore.
3:28 of 1st period - Goal by John Moore - COLORADO : 1 - OTTAWA : 1.
3:29 of 1st period - David Krejci wins face-off versus Marcus Johansson in neutral zone.
4:20 of 1st period - Icing by Urho Vaakanainen.
4:21 of 1st period - Dylan Larkin wins face-off versus Conor Garland in COLORADO zone.
4:37 of 1st period - John Moore is hit by Oskar Sundqvist and loses puck.
4:43 of 1st period - Off-side.
4:44 of 1st period - Mikko Koivu wins face-off versus Garnet Hathaway in neutral zone.
4:56 of 1st period - Off-side.
4:57 of 1st period - David Krejci wins face-off versus Marcus Johansson in neutral zone.
5:04 of 1st period - Vince Dunn is hit by Ron Hainsey and loses puck.
5:18 of 1st period - Marcus Johansson is hit by Jonas Brodin and loses puck.
5:22 of 1st period - Icing by Jonas Brodin.
5:23 of 1st period - David Krejci wins face-off versus Oskar Sundqvist in COLORADO zone.
5:23 of 1st period - David Krejci is hit by Oskar Sundqvist.
5:26 of 1st period - Icing by Jonas Brodin.
5:27 of 1st period - Garnet Hathaway wins face-off versus David Krejci in COLORADO zone.
5:27 of 1st period - Garnet Hathaway is hit by Jonas Brodin.
5:49 of 1st period - David Krejci is hit by Mark Borowiecki and loses puck.
5:52 of 1st period - Shot by Valtteri Filppula.
5:52 of 1st period - Shot Misses the Net.
5:54 of 1st period - Shot by David Krejci.
5:54 of 1st period - Shot Misses the Net.
6:21 of 1st period - Minor Penalty to Mark Borowiecki for Hooking.
6:21 of 1st period - Minor Penalty to Leo Komarov for Tripping.
6:22 of 1st period - Dylan Larkin wins face-off versus Oskar Sundqvist in OTTAWA zone.
6:45 of 1st period - Shot by Dylan Larkin.
6:45 of 1st period - Stopped by Laurent Brossoit without a rebound.
6:46 of 1st period - Oskar Sundqvist wins face-off versus Dylan Larkin in OTTAWA zone.
7:32 of 1st period - Vince Dunn is hit by Dylan Larkin and loses puck.
7:52 of 1st period - Icing by Vince Dunn.
7:53 of 1st period - David Krejci wins face-off versus Kyle Okposo in OTTAWA zone.
7:58 of 1st period - Shot by Mikko Koivu.
7:58 of 1st period - Shot Blocked by Ryan Suter.
8:42 of 1st period - Shot by Valtteri Filppula.
8:42 of 1st period - Stopped by Laurent Brossoit without a rebound.
8:43 of 1st period - Oskar Sundqvist wins face-off versus Artturi Lehkonen in OTTAWA zone.
9:00 of 1st period - Shot by Dylan Larkin.
9:00 of 1st period - Shot Misses the Net.
9:04 of 1st period - Shot by Dylan Larkin.
9:04 of 1st period - Shot Blocked by Greg Pateryn.
9:10 of 1st period - Shot by Artturi Lehkonen.
9:10 of 1st period - Goal by Artturi Lehkonen - COLORADO : 2 - OTTAWA : 1.
9:11 of 1st period - David Krejci wins face-off versus Jujhar Khaira in neutral zone.
9:45 of 1st period - Icing by David Krejci.
9:46 of 1st period - David Krejci wins face-off versus Oskar Sundqvist in COLORADO zone.
9:46 of 1st period - David Krejci is hit by Oskar Sundqvist.
10:36 of 1st period - Shot by Ron Hainsey.
10:36 of 1st period - Stopped by Laurent Brossoit with a rebound.
10:38 of 1st period - Shot by Leo Komarov.
10:38 of 1st period - Stopped by Laurent Brossoit without a rebound.
10:39 of 1st period - Dylan Larkin wins face-off versus Garnet Hathaway in OTTAWA zone.
10:51 of 1st period - Yanni Gourde is hit by Pavel Buchnevich.
11:01 of 1st period - Calvin de Haan is hit by Yanni Gourde and loses puck.
11:13 of 1st period - Yanni Gourde is hit by Calvin de Haan and loses puck.
11:17 of 1st period - Minor Penalty to Calvin de Haan for Tripping.
11:18 of 1st period - Oskar Sundqvist wins face-off versus Dylan Larkin in COLORADO zone.
11:35 of 1st period - Shot by Ryan Suter.
11:35 of 1st period - Shot Blocked by Ron Hainsey.
11:49 of 1st period - Shot by William Karlsson.
11:49 of 1st period - Stopped by Laurent Brossoit without a rebound.
11:50 of 1st period - Marcus Johansson wins face-off versus David Krejci in OTTAWA zone.
12:03 of 1st period - Shot by Yanni Gourde.
12:03 of 1st period - Shot Blocked by Brandon Carlo.
12:05 of 1st period - Shot by Mark Borowiecki.
12:05 of 1st period - Stopped by Carey Price without a rebound.
12:06 of 1st period - Marcus Johansson wins face-off versus Dylan Larkin in COLORADO zone.
12:22 of 1st period - Shot by Marcus Johansson.
12:22 of 1st period - Stopped by Carey Price without a rebound.
12:23 of 1st period - Oskar Sundqvist wins face-off versus David Krejci in COLORADO zone.
13:38 of 1st period - Shot by Valtteri Filppula.
13:38 of 1st period - Stopped by Laurent Brossoit with a rebound.
14:14 of 1st period - Dmitry Kulikov is hit by Leo Komarov and loses puck.
15:32 of 1st period - Icing by Calvin de Haan.
15:33 of 1st period - Dylan Larkin wins face-off versus Oskar Sundqvist in COLORADO zone.
15:48 of 1st period - Icing by Mark Borowiecki.
15:49 of 1st period - David Krejci wins face-off versus Oskar Sundqvist in OTTAWA zone.
15:49 of 1st period - David Krejci is hit by Mark Borowiecki.
15:52 of 1st period - Mattias Janmark is hit by Mark Borowiecki and loses puck.
16:37 of 1st period - Shot by William Karlsson.
16:37 of 1st period - Stopped by Laurent Brossoit without a rebound.
16:38 of 1st period - William Karlsson wins face-off versus Garnet Hathaway in OTTAWA zone.
17:05 of 1st period - Shot by Mikko Koivu.
17:05 of 1st period - Shot Blocked by Greg Pateryn.
17:07 of 1st period - Shot by John Moore.
17:07 of 1st period - Shot Misses the Net.
17:09 of 1st period - Shot by Mikko Koivu.
17:09 of 1st period - Shot Misses the Net.
17:55 of 1st period - Kyle Okposo is hit by Calvin de Haan and loses puck.
18:00 of 1st period - Shot by Kyle Okposo.
18:00 of 1st period - Shot Misses the Net.
18:01 of 1st period - Minor Penalty to Brandon Carlo for Interference.
18:02 of 1st period - Dylan Larkin wins face-off versus Oskar Sundqvist in COLORADO zone.
18:02 of 1st period - Dylan Larkin is hit by Kyle Okposo.
18:12 of 1st period - Shot by Ryan Suter.
18:12 of 1st period - Stopped by Carey Price without a rebound.
18:13 of 1st period - Dylan Larkin wins face-off versus Oskar Sundqvist in COLORADO zone.
18:21 of 1st period - Icing by Kyle Okposo.
18:22 of 1st period - Oskar Sundqvist wins face-off versus Dylan Larkin in OTTAWA zone.
18:27 of 1st period - Shot by Mark Borowiecki.
18:27 of 1st period - Shot Misses the Net.
18:33 of 1st period - Shot by Mark Borowiecki.
18:33 of 1st period - Shot Misses the Net.
18:52 of 1st period - Icing by Michal Kempny.
18:53 of 1st period - Mikko Koivu wins face-off versus Oskar Sundqvist in OTTAWA zone.
19:15 of 1st period - Jordan Eberle is hit by Calvin de Haan and loses puck.
Goals for this period are 2 for COLORADO vs 1 for OTTAWA.
Shots for this period are 9 for COLORADO vs 5 for OTTAWA.

2nd period


0:01 of 2nd period - Dylan Larkin wins face-off versus Oskar Sundqvist in neutral zone.
0:01 of 2nd period - Dylan Larkin is hit by Oskar Sundqvist.
0:23 of 2nd period - Shot by Dylan Larkin.
0:23 of 2nd period - Stopped by Laurent Brossoit with a rebound.
0:38 of 2nd period - Shot by Artturi Lehkonen.
0:38 of 2nd period - Shot Misses the Net.
0:40 of 2nd period - Shot by Artturi Lehkonen.
0:40 of 2nd period - Deflect By Dylan Larkin.
0:40 of 2nd period - Stopped by Laurent Brossoit without a rebound.
0:41 of 2nd period - Mikko Koivu wins face-off versus Marcus Johansson in OTTAWA zone.
0:48 of 2nd period - Shot by Mikko Koivu.
0:48 of 2nd period - Deflect By William Karlsson.
0:48 of 2nd period - Stopped by Laurent Brossoit without a rebound.
0:49 of 2nd period - Garnet Hathaway wins face-off versus William Karlsson in OTTAWA zone.
1:43 of 2nd period - Marcus Johansson is hit by Calvin de Haan and loses puck.
2:05 of 2nd period - Icing by Kyle Okposo.
2:06 of 2nd period - Marcus Johansson wins face-off versus Dylan Larkin in OTTAWA zone.
2:35 of 2nd period - Shot by Conor Garland.
2:35 of 2nd period - Shot Misses the Net.
2:40 of 2nd period - Icing by Ron Hainsey.
2:41 of 2nd period - Pavel Buchnevich wins face-off versus Garnet Hathaway in COLORADO zone.
2:56 of 2nd period - Shot by Dylan Larkin.
2:56 of 2nd period - Shot Misses the Net.
3:08 of 2nd period - Icing by Urho Vaakanainen.
3:09 of 2nd period - Oskar Sundqvist wins face-off versus David Krejci in COLORADO zone.
3:39 of 2nd period - Shot by Mattias Janmark.
3:39 of 2nd period - Stopped by Laurent Brossoit without a rebound.
3:40 of 2nd period - William Karlsson wins face-off versus Marcus Johansson in OTTAWA zone.
4:15 of 2nd period - Shot by Leo Komarov.
4:15 of 2nd period - Deflect By William Karlsson.
4:15 of 2nd period - Goal by William Karlsson - COLORADO : 3 - OTTAWA : 1.
4:16 of 2nd period - Garnet Hathaway wins face-off versus Dylan Larkin in neutral zone.
4:18 of 2nd period - Ryan Suter is hit by Ron Hainsey and loses puck.
4:35 of 2nd period - Garnet Hathaway is hit by Dylan Larkin and loses puck.
4:52 of 2nd period - Icing by Jonas Brodin.
4:53 of 2nd period - Oskar Sundqvist wins face-off versus Dylan Larkin in COLORADO zone.
4:53 of 2nd period - Andreas Johnsson is hit by Jonas Brodin and loses puck.
5:05 of 2nd period - Icing by Jonas Brodin.
5:06 of 2nd period - Dylan Larkin wins face-off versus Michael Raffl in COLORADO zone.
5:25 of 2nd period - Mikko Koivu is hit by Marcus Johansson and loses puck.
6:06 of 2nd period - Shot by Conor Garland.
6:06 of 2nd period - Shot Misses the Net.
6:16 of 2nd period - Shot by Oskar Sundqvist.
6:16 of 2nd period - Deflect By Conor Garland.
6:16 of 2nd period - Shot Misses the Net.
7:02 of 2nd period - Shot by Jordan Eberle.
7:02 of 2nd period - Stopped by Carey Price without a rebound.
7:03 of 2nd period - Michael Rasmussen wins face-off versus Dylan Larkin in COLORADO zone.
7:24 of 2nd period - Shot by Artturi Lehkonen.
7:24 of 2nd period - Deflect By Pavel Buchnevich.
7:24 of 2nd period - Stopped by Laurent Brossoit with a rebound.
7:34 of 2nd period - Shot by Dylan Larkin.
7:34 of 2nd period - Stopped by Laurent Brossoit with a rebound.
7:40 of 2nd period - Shot by Dylan Larkin.
7:40 of 2nd period - Shot Misses the Net.
7:44 of 2nd period - Shot by Pavel Buchnevich.
7:44 of 2nd period - Shot Misses the Net.
8:22 of 2nd period - Shot by Mattias Janmark.
8:22 of 2nd period - Stopped by Laurent Brossoit without a rebound.
8:23 of 2nd period - Dylan Larkin wins face-off versus Conor Garland in OTTAWA zone.
9:14 of 2nd period - Artturi Lehkonen is hit by Andreas Johnsson and loses puck.
9:46 of 2nd period - David Krejci is hit by Oskar Sundqvist and loses puck.
9:59 of 2nd period - Shot by Mattias Janmark.
9:59 of 2nd period - Stopped by Laurent Brossoit without a rebound.
10:00 of 2nd period - William Karlsson wins face-off versus Garnet Hathaway in OTTAWA zone.
10:00 of 2nd period - Mikko Koivu is hit by Dmitry Kulikov and loses puck.
10:03 of 2nd period - Shot by Mikko Koivu.
10:03 of 2nd period - Stopped by Laurent Brossoit without a rebound.
10:04 of 2nd period - William Karlsson wins face-off versus Garnet Hathaway in OTTAWA zone.
10:11 of 2nd period - Shot by William Karlsson.
10:11 of 2nd period - Stopped by Laurent Brossoit without a rebound.
10:12 of 2nd period - Marcus Johansson wins face-off versus William Karlsson in OTTAWA zone.
10:18 of 2nd period - Minor Penalty to John Moore for Interference.
10:19 of 2nd period - Marcus Johansson wins face-off versus Dylan Larkin in COLORADO zone.
10:24 of 2nd period - Shot by Vince Dunn.
10:24 of 2nd period - Shot Misses the Net.
10:26 of 2nd period - Shot by Jordan Eberle.
10:26 of 2nd period - Deflect By Marcus Johansson.
10:26 of 2nd period - Shot Misses the Net.
10:28 of 2nd period - Shot by Jordan Eberle.
10:28 of 2nd period - Shot Blocked by Dylan Larkin.
10:30 of 2nd period - Shot by Vince Dunn.
10:30 of 2nd period - Stopped by Carey Price without a rebound.
10:31 of 2nd period - Marcus Johansson wins face-off versus Dylan Larkin in COLORADO zone.
10:36 of 2nd period - Shot by Ryan Suter.
10:36 of 2nd period - Shot Misses the Net.
10:55 of 2nd period - Icing by Yanni Gourde.
10:56 of 2nd period - Marcus Johansson wins face-off versus Dylan Larkin in OTTAWA zone.
11:43 of 2nd period - Shot by Oskar Sundqvist.
11:43 of 2nd period - Shot Misses the Net.
11:45 of 2nd period - Shot by Andreas Johnsson.
11:45 of 2nd period - Stopped by Carey Price with a rebound.
12:04 of 2nd period - Off-side.
12:05 of 2nd period - David Krejci wins face-off versus Marcus Johansson in neutral zone.
12:29 of 2nd period - Icing by Greg Pateryn.
12:30 of 2nd period - William Karlsson wins face-off versus Michael Rasmussen in OTTAWA zone.
12:30 of 2nd period - Jonas Brodin is hit by Greg Pateryn and loses puck.
12:39 of 2nd period - Shot by Leo Komarov.
12:39 of 2nd period - Shot Misses the Net.
12:43 of 2nd period - Shot by Leo Komarov.
12:43 of 2nd period - Shot Blocked by Dmitry Kulikov.
12:45 of 2nd period - Shot by Leo Komarov.
12:45 of 2nd period - Shot Blocked by Dmitry Kulikov.
12:47 of 2nd period - Shot by William Karlsson.
12:47 of 2nd period - Shot Blocked by Dmitry Kulikov.
12:49 of 2nd period - Shot by Leo Komarov.
12:49 of 2nd period - Stopped by Laurent Brossoit without a rebound.
12:50 of 2nd period - David Krejci wins face-off versus Garnet Hathaway in OTTAWA zone.
13:00 of 2nd period - Calvin de Haan is hit by Garnet Hathaway and loses puck.
13:08 of 2nd period - Icing by Valtteri Filppula.
13:09 of 2nd period - David Krejci wins face-off versus Marcus Johansson in COLORADO zone.
13:13 of 2nd period - Off-side.
13:14 of 2nd period - Marcus Johansson wins face-off versus Mikko Koivu in neutral zone.
13:33 of 2nd period - Shot by Marcus Johansson.
13:33 of 2nd period - Stopped by Carey Price with a rebound.
13:35 of 2nd period - Shot by Mark Borowiecki.
13:35 of 2nd period - Stopped by Carey Price without a rebound.
13:36 of 2nd period - David Krejci wins face-off versus Garnet Hathaway in COLORADO zone.
13:36 of 2nd period - Brandon Carlo is hit by Garnet Hathaway and loses puck.
13:55 of 2nd period - Shot by Mattias Janmark.
13:55 of 2nd period - Stopped by Laurent Brossoit without a rebound.
13:56 of 2nd period - Dylan Larkin wins face-off versus Marcus Johansson in OTTAWA zone.
14:18 of 2nd period - Minor Penalty to Kyle Okposo for Hooking.
14:19 of 2nd period - William Karlsson wins face-off versus Garnet Hathaway in OTTAWA zone.
14:54 of 2nd period - Shot by Mikko Koivu.
14:54 of 2nd period - Shot Misses the Net.
14:56 of 2nd period - Shot by Leo Komarov.
14:56 of 2nd period - Deflect By Mikko Koivu.
14:56 of 2nd period - Stopped by Laurent Brossoit without a rebound.
14:57 of 2nd period - Dylan Larkin wins face-off versus Garnet Hathaway in OTTAWA zone.
15:38 of 2nd period - Shot by Dylan Larkin.
15:38 of 2nd period - Shot Blocked by Michal Kempny.
15:56 of 2nd period - Shot by William Karlsson.
15:56 of 2nd period - Stopped by Laurent Brossoit without a rebound.
15:57 of 2nd period - William Karlsson wins face-off versus Nikita Gusev in OTTAWA zone.
16:16 of 2nd period - Shot by William Karlsson.
16:16 of 2nd period - Stopped by Laurent Brossoit with a rebound.
16:36 of 2nd period - John Moore is hit by Andreas Johnsson and loses puck.
16:47 of 2nd period - Shot by Conor Garland.
16:47 of 2nd period - Shot Misses the Net.
16:49 of 2nd period - Shot by Conor Garland.
16:49 of 2nd period - Stopped by Carey Price without a rebound.
16:50 of 2nd period - Dylan Larkin wins face-off versus Kyle Okposo in COLORADO zone.
16:57 of 2nd period - Shot by Artturi Lehkonen.
16:57 of 2nd period - Shot Blocked by Michal Kempny.
17:03 of 2nd period - Shot by Artturi Lehkonen.
17:03 of 2nd period - Shot Misses the Net.
17:05 of 2nd period - Shot by Pavel Buchnevich.
17:05 of 2nd period - Goal by Pavel Buchnevich - COLORADO : 4 - OTTAWA : 1.
17:06 of 2nd period - William Karlsson wins face-off versus Michael Rasmussen in neutral zone.
17:09 of 2nd period - Shot by Leo Komarov.
17:09 of 2nd period - Deflect By William Karlsson.
17:09 of 2nd period - Stopped by Laurent Brossoit without a rebound.
17:10 of 2nd period - Dylan Larkin wins face-off versus Oskar Sundqvist in OTTAWA zone.
18:00 of 2nd period - Shot by Mikko Koivu.
18:00 of 2nd period - Shot Blocked by Mark Borowiecki.
18:08 of 2nd period - William Karlsson is hit by Andreas Johnsson and loses puck.
18:24 of 2nd period - Icing by Michal Kempny.
18:25 of 2nd period - David Krejci wins face-off versus Garnet Hathaway in OTTAWA zone.
18:25 of 2nd period - John Moore is hit by Michal Kempny and loses puck.
19:24 of 2nd period - Off-side.
19:25 of 2nd period - Dylan Larkin wins face-off versus Michael Rasmussen in neutral zone.
19:29 of 2nd period - Off-side.
19:30 of 2nd period - Dylan Larkin wins face-off versus Michael Rasmussen in neutral zone.
19:51 of 2nd period - Shot by Nikita Gusev.
19:51 of 2nd period - Stopped by Carey Price without a rebound.
19:52 of 2nd period - William Karlsson wins face-off versus Marcus Johansson in COLORADO zone.
Goals for this period are 2 for COLORADO vs 0 for OTTAWA.
Shots for this period are 18 for COLORADO vs 7 for OTTAWA.

3rd period


0:01 of 3rd period - Garnet Hathaway wins face-off versus Dylan Larkin in neutral zone.
0:30 of 3rd period - Shot by Jordan Eberle.
0:30 of 3rd period - Shot Misses the Net.
0:32 of 3rd period - Shot by Garnet Hathaway.
0:32 of 3rd period - Shot Misses the Net.
0:34 of 3rd period - Shot by Yanni Gourde.
0:34 of 3rd period - Stopped by Carey Price without a rebound.
0:35 of 3rd period - Marcus Johansson wins face-off versus William Karlsson in COLORADO zone.
0:45 of 3rd period - Icing by Brandon Carlo.
0:46 of 3rd period - William Karlsson wins face-off versus Oskar Sundqvist in COLORADO zone.
0:54 of 3rd period - Off-side.
0:55 of 3rd period - David Krejci wins face-off versus Marcus Johansson in neutral zone.
1:05 of 3rd period - Shot by Mattias Janmark.
1:05 of 3rd period - Stopped by Laurent Brossoit without a rebound.
1:06 of 3rd period - Garnet Hathaway wins face-off versus Dylan Larkin in OTTAWA zone.
1:29 of 3rd period - Shot by Ryan Suter.
1:29 of 3rd period - Stopped by Carey Price without a rebound.
1:30 of 3rd period - Marcus Johansson wins face-off versus David Krejci in COLORADO zone.
1:38 of 3rd period - Minor Penalty to Vince Dunn for Tripping.
1:39 of 3rd period - Dylan Larkin wins face-off versus Garnet Hathaway in OTTAWA zone.
2:08 of 3rd period - Shot by Ron Hainsey.
2:08 of 3rd period - Stopped by Laurent Brossoit without a rebound.
2:09 of 3rd period - Garnet Hathaway wins face-off versus William Karlsson in OTTAWA zone.
2:34 of 3rd period - Icing by Calvin de Haan.
2:35 of 3rd period - Garnet Hathaway wins face-off versus William Karlsson in COLORADO zone.
2:44 of 3rd period - Shot by Ryan Suter.
2:44 of 3rd period - Stopped by Carey Price with a rebound.
4:38 of 3rd period - Calvin de Haan is hit by Kyle Okposo and loses puck.
5:03 of 3rd period - Shot by Marcus Johansson.
5:03 of 3rd period - Shot Misses the Net.
6:29 of 3rd period - Shot by Jonas Brodin.
6:29 of 3rd period - Deflect By Mattias Janmark.
6:29 of 3rd period - Shot Misses the Net.
6:43 of 3rd period - Shot by David Krejci.
6:43 of 3rd period - Shot Misses the Net.
6:45 of 3rd period - Shot by Jonas Brodin.
6:45 of 3rd period - Stopped by Laurent Brossoit with a rebound.
6:47 of 3rd period - Shot by Valtteri Filppula.
6:47 of 3rd period - Stopped by Laurent Brossoit without a rebound.
6:48 of 3rd period - Oskar Sundqvist wins face-off versus David Krejci in OTTAWA zone.
6:50 of 3rd period - Michal Kempny is hit by David Krejci and loses puck.
7:14 of 3rd period - Shot by Conor Garland.
7:14 of 3rd period - Deflect By Andreas Johnsson.
7:14 of 3rd period - Stopped by Carey Price with a rebound.
7:26 of 3rd period - Shot by Conor Garland.
7:26 of 3rd period - Stopped by Carey Price without a rebound.
7:27 of 3rd period - Nick Bjugstad wins face-off versus Marcus Johansson in COLORADO zone.
7:27 of 3rd period - Nick Bjugstad is hit by Marcus Johansson.
7:41 of 3rd period - Shot by Ron Hainsey.
7:41 of 3rd period - Shot Blocked by Dmitry Kulikov.
7:43 of 3rd period - Shot by Ron Hainsey.
7:43 of 3rd period - Shot Misses the Net.
7:55 of 3rd period - Shot by Kyle Okposo.
7:55 of 3rd period - Deflect By Michael Raffl.
7:55 of 3rd period - Stopped by Carey Price without a rebound.
7:56 of 3rd period - William Karlsson wins face-off versus Garnet Hathaway in COLORADO zone.
7:56 of 3rd period - Leo Komarov is hit by Yanni Gourde and loses puck.
8:08 of 3rd period - Minor Penalty to Mark Borowiecki for Hooking.
8:09 of 3rd period - Garnet Hathaway wins face-off versus Artturi Lehkonen in OTTAWA zone.
8:19 of 3rd period - Off-side.
8:20 of 3rd period - William Karlsson wins face-off versus Garnet Hathaway in neutral zone.
8:33 of 3rd period - Shot by Jonas Brodin.
8:33 of 3rd period - Shot Blocked by Greg Pateryn.
8:35 of 3rd period - Shot by Ron Hainsey.
8:35 of 3rd period - Stopped by Laurent Brossoit with a rebound.
8:47 of 3rd period - Yanni Gourde is hit by Leo Komarov and loses puck.
11:14 of 3rd period - Icing by Ron Hainsey.
11:15 of 3rd period - David Krejci wins face-off versus Michael Rasmussen in COLORADO zone.
11:15 of 3rd period - David Krejci is hit by Jujhar Khaira.
11:33 of 3rd period - Shot by Michael Rasmussen.
11:33 of 3rd period - Stopped by Carey Price with a rebound.
11:41 of 3rd period - Shot by Artturi Lehkonen.
11:41 of 3rd period - Stopped by Laurent Brossoit with a rebound.
12:21 of 3rd period - Nikita Gusev is hit by John Moore and loses puck.
13:02 of 3rd period - Icing by Urho Vaakanainen.
13:03 of 3rd period - William Karlsson wins face-off versus Garnet Hathaway in COLORADO zone.
15:13 of 3rd period - Off-side.
15:14 of 3rd period - David Krejci wins face-off versus Garnet Hathaway in neutral zone.
15:41 of 3rd period - Shot by Mattias Janmark.
15:41 of 3rd period - Shot Misses the Net.
16:45 of 3rd period - Icing by Michal Kempny.
16:46 of 3rd period - Marcus Johansson wins face-off versus David Krejci in OTTAWA zone.
17:19 of 3rd period - Icing by Calvin de Haan.
17:20 of 3rd period - Valtteri Filppula wins face-off versus Garnet Hathaway in COLORADO zone.
18:01 of 3rd period - Off-side.
18:02 of 3rd period - William Karlsson wins face-off versus Oskar Sundqvist in neutral zone.
18:13 of 3rd period - Mikko Koivu is hit by Oskar Sundqvist.
18:18 of 3rd period - Icing by Urho Vaakanainen.
18:19 of 3rd period - Marcus Johansson wins face-off versus William Karlsson in COLORADO zone.
18:37 of 3rd period - Icing by Vince Dunn.
18:38 of 3rd period - David Krejci wins face-off versus Marcus Johansson in OTTAWA zone.
18:38 of 3rd period - David Krejci is hit by Michal Kempny.
18:41 of 3rd period - Valtteri Filppula is hit by Michal Kempny and loses puck.
18:45 of 3rd period - Icing by Marcus Johansson.
18:46 of 3rd period - Pavel Buchnevich wins face-off versus Michael Raffl in OTTAWA zone.
18:46 of 3rd period - Dylan Larkin is hit by Michal Kempny and loses puck.
Goals for this period are 0 for COLORADO vs 0 for OTTAWA.
Shots for this period are 6 for COLORADO vs 7 for OTTAWA.